AoeStats
← MATOSKO

Oasis

509963508Analyzed
3v3 RM · 4d ago on Sep 28, 2026· 42m 44s· 6 players
Game mode
Random Map
Map size
Normal (6 player)
Population
200
Speed
Normal
Resources
Standard
Victory
Conquest
Starting age
Dark Age
Ending age
Imperial Age
RankedLock teamsTeams togetherTeam positionsShared explorationLock speedFull tech treeHidden civsTurbo modeCheats
Victory
Defeat
🇭🇰 Magyars · Hong Kong SAR China
1337
+16
🇩🇪 Bengalis · Germany
1330
+17
🇨🇭 Koreans · Switzerland
1310
+17
🇨🇭 Gurjaras · Switzerland
1381
-18
🇺🇸 Mapuche · United States
1356
-17
🇸🇰 Varangians · Slovakia
1299
-15
What's your ETA?
0:26 Loom
6:15 Loom
6:36 Loom
9:34 Feudal Age
10:27 Double-Bit Axe
10:23 Horse Collar
12:44 Wheelbarrow
20:03 Castle Age
18:27 Scale Barding Armor
19:17 Bloodlines
21:02 Bow Saw
20:53 Heavy Plow
22:23 Hand Cart
24:37 Town Watch
26:59 Chain Barding Armor
27:51 Gold Mining
29:15 Gold Shaft Mining
28:32 Stone Mining
33:58 Imperial Age
32:25 Husbandry
34:42 Caravan
34:04 Cavalier
35:43 Plate Barding Armor
35:14 Town Patrol
36:57 Paladin
U 99
4:32 Loom
9:54 Feudal Age
18:22 Castle Age
17:10 Double-Bit Axe
18:07 Fletching
18:01 Horse Collar
23:40 Wheelbarrow
30:15 Imperial Age
28:25 Bodkin Arrow
29:29 Gold Mining
32:31 Chemistry
31:59 Bracer
39:05 Ballistics
39:57 Heavy Plow
40:25 Masonry
41:08 Eupseong
42:37 Squires
42:00 Pikeman
PongFongLong
3:32 Loom
10:11 Feudal Age
11:29 Double-Bit Axe
14:17 Horse Collar
21:00 Castle Age
20:08 Wheelbarrow
19:38 Fletching
20:54 Gold Mining
21:39 Bodkin Arrow
22:07 Padded Archer Armor
22:26 Bow Saw
23:39 Leather Archer Armor
26:44 Stone Mining
31:58 Ballistics
32:19 Hand Cart
33:12 Gold Shaft Mining
32:58 Heavy Plow
37:48 Imperial Age
35:44 Husbandry
35:55 Bloodlines
38:54 Conscription
39:40 Bracer
40:13 Ring Archer Armor
40:56 Conscription
40:42 Paiks
41:13 Elite Elephant Archer
42:11 Caravan
BoogStasher3000
9:32 Feudal Age
9:46 Loom
11:45 Double-Bit Axe
18:44 Castle Age
17:47 Horse Collar
18:49 Fletching
18:59 Padded Archer Armor
19:10 Gold Mining
20:02 Wheelbarrow
20:51 Bow Saw
20:47 Bodkin Arrow
21:41 Heavy Plow
22:55 Leather Archer Armor
23:53 Pikeman
24:36 Scale Mail Armor
28:50 Chain Mail Armor
30:54 Forging
34:48 Iron Casting
MATOSKO
7:01 Loom
11:41 Feudal Age
15:42 Castle Age
14:26 Double-Bit Axe
14:24 Horse Collar
14:37 Gold Mining
15:43 Scale Mail Armor
17:13 Squires
18:20 Wheelbarrow
23:23 Town Watch
25:43 Heavy Plow
26:39 Chain Mail Armor
28:13 Town Watch
32:24 Imperial Age
31:16 Hand Cart
31:27 Forging
31:30 Bow Saw
31:46 Arson
33:35 Iron Casting
33:31 Conscription
32:33 Gothikon
33:10 Elite Varangian Guard
36:05 Blast Furnace
35:28 Capped Ram
37:26 Plate Mail Armor
ImOneWithTheTree
6:26 Loom
10:16 Feudal Age
16:03 Castle Age
15:23 Double-Bit Axe
15:58 Horse Collar
18:13 Bow Saw
21:11 Fletching
24:39 Bodkin Arrow
25:36 Padded Archer Armor
25:56 Bloodlines
25:48 Husbandry
26:15 Bloodlines
27:13 Wheelbarrow
26:24 Town Watch
32:00 Imperial Age
29:48 Light Cavalry
32:13 Hand Cart
32:18 Heavy Plow
33:37 Scale Barding Armor
33:43 Forging
34:35 Thumb Ring
35:07 Elite Shrivamsha Rider
38:50 Chain Barding Armor
40:59 Iron Casting
Connection lost

Rejoining the realm…

Still unreachable

The connection could not be restored.

Session expired

The server has moved on; the page needs a fresh start.